 Dungeon Crawl Stone Soup version 0.31.0-9-g3a7656b989 (webtiles) character file.

Game seed: 14096314696400530830

88 qw the Shooter (level 4, 0/25 HPs)
             Began as a Deep Elf Hunter on Feb 2, 2024.
             Slain by a quokka (4 damage)
             ... on level 3 of the Dungeon.
             The game lasted 00:00:07 (1670 turns).

qw the Shooter (Deep Elf Hunter)                    Turns: 1670, Time: 00:00:07

Health: 0/25       AC:  5    Str: 10    XL:     4   Next: 30%
Magic:  6/6        EV: 11    Int: 14    God:
Gold:   181        SH:  0    Dex: 18    Spells: 3/3 levels left

rFire   . . .        a - +0 shortbow
rCold   . . .        (shield currently unavailable)
rNeg    . . .        d - +0 ring mail
rPois   .            (no helmet)
rElec   .            (no cloak)
rCorr   .            (no gloves)
SInv    .            (no boots)
Will    .....        (no amulet)
Stlth   +            (no ring)
HPRegen 0.24/turn    (no ring)
MPRegen 0.10/turn

%: no passive effects
@: no status effects
A: no striking features
a: no special abilities


You were on level 3 of the Dungeon.
You visited 1 branch of the dungeon, and saw 3 of its levels.

You collected 181 gold pieces.


   Skills:
 - Level 1.5 Fighting
 + Level 7.7 Ranged Weapons
 - Level 2.4 Dodging
 - Level 1.2 Stealth


You had 3 spell levels left.
You didn't know any spells.
Your spell library was empty.

Inventory:

Hand Weapons
 a - a +0 shortbow (weapon)
Armour
 d - a +0 ring mail (worn)
Scrolls
 b - a scroll of fog {unknown}
Potions
 c - a potion of might

Dungeon Overview and Level Annotations

Branches:
Dungeon (3/15)

Altars:
Vehumet


Message History

You kill the rat!
Found 5 stones.
An orc and a quokka come into view.
The orc shouts! x2; You hear an angry hiss.
You shoot an arrow. The arrow barely misses the quokka.
The arrow closely misses the orc.
An adder comes into view.
You shoot an arrow. The arrow misses the quokka.
The quokka bites you. The quokka misses you.
You shoot an arrow. The arrow hits the adder.
The adder is moderately wounded.
The quokka bites you. The adder barely misses you.
You shoot an arrow. The arrow hits the adder.
The adder is severely wounded.
The quokka completely misses you. The adder bites you but does no damage.
The quokka bites you but does no damage.
The adder bites you.
You are poisoned.
The adder poisons you!
You shoot an arrow. The arrow misses the adder.
You feel sick. The adder bites you but does no damage.
The quokka bites you but does no damage.
You shoot an arrow. The arrow hits the adder.
The adder is almost dead.
You feel sick. The adder bites you but does no damage. The quokka bites you.
The adder closely misses you.
The quokka bites you but does no damage.
You shoot an arrow. The arrow closely misses the adder.
You feel sick. The adder closely misses you.
The quokka bites you but does no damage.
You shoot an arrow. The arrow barely misses the adder.
You feel sick.
You are no longer poisoned.
The adder misses you.
The quokka bites you but does no damage.
The adder bites you.
You shoot an arrow. The arrow hits the adder.
You kill the adder!
The quokka bites you. x2
You die...

#.# #.# #.# #.#
#######.# #
#.......##.#. ##.#
#.########.#.####....#
###.#######......roo.#
#.......%....# #@#
#.#.########(# #.#
#.#.# #.###.# #.#.#
#.#...# #.#.#
###.#.### #.#.#
#.....# ..#.#
####.###.#
###.###....# #.# #
#......#.# #.#


You could see 2 orcs and a quokka.

Vanquished Creatures
  A gnoll (D:1)
  3 adders
  2 ribbon worms
  2 dart slugs (D:2)
  2 endoplasms (D:2)
  A giant cockroach (D:1)
  8 goblins
  5 hobgoblins
  4 jackals (D:1)
  3 quokkas
  5 ball pythons
  A bat (D:1)
  9 frilled lizards (D:1)
  A kobold (D:1)
  6 rats
53 creatures vanquished.

Notes
Turn   | Place    | Note
-------+----------+-------------------------------------------
     0 | D:1      | qw the Deep Elf Hunter began the quest for the Orb.
     0 | D:1      | Reached XP level 1. HP: 12/12 MP: 3/3
     0 | D:1      | 0 ||| qw: Version: 0.3-a-155-g5e7d8dd
     0 | D:1      | 0 ||| qw: Game counter: 2299
     0 | D:1      | 0 ||| qw: Melee chars always use a shield: true
     0 | D:1      | 0 ||| qw: God list: Okawaru
     0 | D:1      | 0 ||| qw: Allow faded altars: false
     0 | D:1      | 0 ||| qw: Do Orc after clearing Dungeon:15 true
     0 | D:1      | 0 ||| qw: Do second Lair branch before Depths: true
     0 | D:1      | 0 ||| qw: Lair rune preference: random
     0 | D:1      | 0 ||| qw: Goals: Normal
     0 | D:1      | 0 ||| PLANNING D:1-11
   145 | D:1      | Reached skill level 6 in Ranged Weapons
   145 | D:1      | Reached XP level 2. HP: 16/16 MP: 4/4
   180 | D:1      | Found a faded altar of an unknown god.
   270 | D:1      | Reached XP level 3. HP: 17/20 MP: 5/5
   548 | D:1      | Reached skill level 7 in Ranged Weapons
   813 | D:1      | 813 ||| UPGRADING to +0 ring mail.
   823 | D:1      | 823 ||| DROPPING +0 leather armour.
   824 | D:1      | 824 ||| READING scroll labelled NAEMPY XEICUE.
   824 | D:1      | 824 ||| IDENTIFYING viscous orange potion
   825 | D:1      | 825 ||| DROPPING scroll of butterflies.
   826 | D:1      | 826 ||| DROPPING potion of attraction.
   955 | D:2      | HP: 4/20 [poisoned by an adder]
   959 | D:2      | Reached XP level 4. HP: 3/25 MP: 6/6
  1330 | D:2      | 1330 ||| READING scroll of identify.
  1330 | D:2      | 1330 ||| IDENTIFYING clear potion
  1331 | D:2      | 1331 ||| READING 2 scrolls labelled REHOOS VIHUDIMP.
  1334 | D:2      | 1334 ||| DRINKING 2 pink potions.
  1335 | D:2      | 1335 ||| DROPPING potion of lignification.
  1341 | D:3      | Found a radiant altar of Vehumet.
  1402 | D:3      | HP: 4/25 [orc/+0 falchion (5)]
  1403 | D:3      | 1403 ||| READING scroll of teleportation.
  1670 | D:3      | HP: 4/25 [quokka (4)]
  1670 | D:3      | Slain by a quokka

Levels and vault maps discovered:
D:1:      dpeg_arrival_round_b, layout_basic,
          shapermc_ecumenical_altar_rom_forum, serial_bayou_pond_c,
          skrybe_limestone_x, minmay_lizard_pond
D:2:      layout_rooms, serial_bayou_pond_b
D:3:      layout_loops_ring, vehumet_crystals

Skill      XL: |  1  2  3 |
---------------+----------+-----
Ranged Weapons | 6 7 |  7.7
Fighting       | |  1.5
Dodging        | |  2.4
Stealth        | |  1.2

Action                     |  1- 3 |  4- 6 || total
---------------------------+-------+-------++-------
   Fire: Shortbow          |   118 |    70 ||   188
    Use: Scroll            |     1 |     3 ||     4
         Potion            |       |     1 ||     1
 Armour: Leather armour    |    23 |       ||    23
         Ring mail         |    14 |    43 ||    57
  Dodge: Dodged            |    45 |    25 ||    70

Table legend:
 A = Non-vault XP
 B = Vault XP
 C = Vault XP percentage of total XP
 D = Non-vault monster count
 E = Vault monster count
 F = Vault count percentage of total count
                 A         B        C        D         E       F
            +---------+---------+-------+---------+---------+-------
      Total |     131 |       9 |   6.4 |      45 |       8 |  15.1
            +---------+---------+-------+---------+---------+-------
        D:1 |      59 |       5 |   7.8 |      28 |       5 |  15.2
        D:2 |      54 |       4 |   6.9 |      14 |       3 |  17.6
        D:3 |      18 |       0 |   0.0 |       3 |       0 |   0.0
            +---------+---------+-------+---------+---------+-------
